 Dungeon Crawl Stone Soup version 0.23.2-30-g0e89c35649 (webtiles) character file.

Game seed: 17482477310153256958

3520 Kairos the Cleaver (level 9, -3/81 HPs)
             Began as a Deep Dwarf Monk on June 10, 2019.
             Was a Believer of Okawaru.
             Slain by Harold
             ... wielding a +0 battleaxe
              (18 damage)
             ... on level 7 of the Dungeon.
             The game lasted 00:16:05 (5075 turns).

Kairos the Cleaver (Deep Dwarf Monk)                Turns: 5075, Time: 00:16:06

Health: -3/81      AC: 15    Str: 19    XL:     9   Next: 81%
Magic:  5/6        EV:  8    Int: 10    God:    Okawaru [**....]
Gold:   380        SH:  8    Dex: 15    Spells: 8/8 levels left

rFire    + . .     SeeInvis .   r - +0 war axe
rCold    . . .     Gourm    .   G - +0 shield
rNeg     + . .     Faith    +   d - +0 chain mail
rPois    .         Spirit   .   D - +0 helmet "Enociaf" {rElec rN+} (curse)
rElec    +         Reflect  .   (no cloak)
rCorr    .         Harm     .   (no gloves)
MR       +....                  (no boots)
Stlth    ..........             y - amulet of faith
HPRegen  0.00/turn              A - ring of protection from fire
MPRegen  0.10/turn              J - +3 ring of protection

@: marked, non-regenerating
A: damage resistance, heal wounds, sense surroundings 2, no regeneration
a: Heal Wounds, Heroism, Renounce Religion


You were on level 7 of the Dungeon.
You worshipped Okawaru.
Okawaru was pleased with you.
You were hungry.

You visited 2 branches of the dungeon, and saw 8 of its levels.

You collected 380 gold pieces.

Inventory:

Hand Weapons
 p - a +3 whip
 r - a +0 war axe (weapon)
 w - a +1 flail of draining
Missiles
 e - 9 tomahawks (quivered)
Armour
 d - a +0 chain mail (worn)
 n - a +2 hat
 D - the cursed +0 helmet "Enociaf" (worn) {rElec rN+}
   (You found it on level 4 of the Dungeon)

   It insulates you from electricity.
   It protects you from negative energy.
   It has a curse placed upon it.
 G - a +0 shield (worn)
Jewellery
 g - an uncursed amulet of the acrobat
 y - an amulet of faith (around neck)
 A - a ring of protection from fire (left hand)
 J - a +3 ring of protection (right hand)
Wands
 u - a wand of random effects (3)
 H - a wand of paralysis (11)
 I - a wand of polymorph (10)
Scrolls
 a - a scroll of noise {unknown}
 h - a scroll of fear
 k - a scroll of amnesia
 l - 4 scrolls of remove curse
 m - 3 scrolls of teleportation
 o - 2 scrolls of immolation {unknown}
 v - 2 scrolls of enchant weapon {unknown}
 C - a scroll of fog {unknown}
 E - a scroll of magic mapping {unknown}
 F - 4 scrolls of identify
Potions
 f - a potion of mutation {unknown}
 i - a potion of cancellation {unknown}
 j - a potion of brilliance {unknown}
 t - 4 potions of heal wounds
 x - a potion of might {unknown}
 z - a potion of lignification {unknown}
 B - a potion of flight {unknown}
 L - a potion of curing
Comestibles
 c - 19 rations


   Skills:
 + Level 5.4 Fighting
 + Level 10.7 Axes
 + Level 7.3 Armour
 + Level 6.4 Dodging
 + Level 3.5 Stealth
 + Level 1.8 Shields
 + Level 1.6 Evocations


You had 8 spell levels left.
You didn't know any spells.
Your spell library contained the following spells:

 Spells                   Type           Power        Failure   Level  Hunger
 Infusion                 Chrm           #...         100%        1    ##.....
 Magic Dart               Conj           #...         100%        1    ##.....
 Searing Ray              Conj           #.....       100%        2    ###....
 Shroud of Golubria       Chrm/Tloc      #.........   100%        2    ###....
 Song of Slaying          Chrm           #.......     100%        2    ###....
 Dazzling Spray           Conj/Hex       #.....       100%        3    ####...
 Spectral Weapon          Hex/Chrm       #.......     100%        3    ####...
 Force Lance              Conj/Tloc      #.......     100%        4    #####..
 Fulminant Prism          Conj/Hex       #.........   100%        4    #####..
 Iskenderun's Mystic Bla  Conj           #.......     100%        4    #####..
 Regeneration             Chrm/Necr      Unusable     N/A         3    N/A

Dungeon Overview and Level Annotations

Branches:
Dungeon (7/15)             Temple (1/1) D:7

Altars:
Ashenzari
Cheibriados
Dithmenos
Elyvilon
Fedhas
Gozag
Hepliaklqana
Makhleb
Okawaru
Qazlal
Ru
Sif Muna
Uskayaw
Vehumet
Wu Jian
Xom
Yredelemnul
Zin
The Shining One

Annotations:
D:7 Harold


Innate Abilities, Weirdness & Mutations

You are resistant to damage.
You can heal yourself by infusing magical energy.
You passively map the area around you.
You do not regenerate.


Message History

Harold hits you with a +0 battleaxe!
* * * LOW HITPOINT WARNING * * *
You slash Harold!
Harold is heavily wounded.
Harold hits you with a +0 battleaxe.
* * * LOW HITPOINT WARNING * * *
You slash Harold!
Harold is severely wounded.
Harold casts a spell at you. A sentinel's mark forms upon you.
Your shield and chain mail prevent you from hitting Harold.
Harold is severely wounded.
You block Harold's attack.
You fail to use your ability.
Harold closely misses you.
You barely miss Harold.
Harold is severely wounded.
You slash Harold!
Harold is severely wounded.
Harold hits you with a +0 battleaxe!!
You die...

..##....##.....<#.###.#.##.## ##.
..##....##.........#..#.##.####..
......................#.##.#.<÷.#
........#.#..........<.......####
..........####...........##### #
#........................# #
#.......#####............# #
........# ##....>......########
##......#####...@@.............##
####....#.#.##.......##.#......#
#....#...'..<....###.###.####
#....#####.......# #....>.####
#....#....#..###)# #.##.#.....
#....##.......##.###.##.......
#.######......##...#.####.....
####.#####.......####...# #.....
.......†.#.#.....# ###.# #.....


You could see Harold.

Vanquished Creatures
  Pikel (D:5)
  A hippogriff (D:7)
  A spriggan (D:7)
  Sigmund (D:3)
  Menkaure (D:4)
  Purgy (D:3)
  2 ice beasts
  A black bear (D:7)
  2 phantoms
  3 ogres
  2 centaurs (D:5)
  4 bullfrogs
  A scorpion (D:4)
  6 killer bees (D:7)
  3 crimson imps
  2 hounds
  An orc priest (D:7)
  4 bullfrog skeletons
  A centaur skeleton (D:4)
  4 orc wizards
  5 iguanas
  Ijyb (D:3)
  4 worker ants
  A killer bee zombie (D:5)
  A hound skeleton (D:4)
  A worker ant zombie (D:5)
  7 gnolls
  4 adders
  A shadow imp (D:7)
  3 oozes
  2 adder zombies
  4 worms
  3 dart slugs (D:1)
  4 leopard geckos
  20 orcs
  A ball python (D:4)
  3 bats
  3 giant cockroaches
  4 goblins
  9 hobgoblins
  10 jackals
  4 kobolds
  3 quokkas
  2 frilled lizards
  A jackal skeleton (D:6)
  2 leopard gecko skeletons
  2 rats
147 creatures vanquished.

Notes
Turn   | Place    | Note
-------+----------+-------------------------------------------
     0 | D:1      | Kairos the Deep Dwarf Monk began the quest for the Orb.
     0 | D:1      | Reached XP level 1. HP: 20/20 MP: 1/1
   155 | D:1      | Reached XP level 2. HP: 27/27 MP: 2/2
   500 | D:1      | Noticed a big kobold
   501 | D:1      | Noticed a big kobold
   502 | D:1      | Noticed a big kobold
   507 | D:1      | Reached XP level 3. HP: 19/34 MP: 3/3
   507 | D:1      | Noticed a big kobold
  1253 | D:3      | Found a blossoming altar of Fedhas.
  1268 | D:3      | Reached skill level 4 in Axes
  1365 | D:3      | Noticed Ijyb
  1376 | D:3      | Killed Ijyb
  1376 | D:3      | Reached XP level 4. HP: 32/42 MP: 4/4
  1503 | D:3      | Noticed Purgy
  1601 | D:3      | Killed Purgy
  1601 | D:3      | Reached skill level 5 in Axes
  1601 | D:3      | Reached skill level 1 in Armour
  1601 | D:3      | Reached skill level 1 in Evocations
  1601 | D:3      | Reached XP level 5. HP: 45/49 MP: 5/5
  1740 | D:3      | Found a hide-covered altar of Uskayaw.
  1847 | D:3      | Noticed Sigmund
  1860 | D:3      | Killed Sigmund
  1860 | D:3      | Reached XP level 6. HP: 25/57 MP: 5/7
  2172 | D:4      | Reached XP level 7. HP: 18/63 MP: 8/8
  2309 | D:4      | Reached skill level 6 in Axes
  2323 | D:4      | Noticed Menkaure
  2335 | D:4      | Killed Menkaure
  2422 | D:4      | You fall through a shaft for 3 floors!
  2479 | D:7      | Reached skill level 7 in Axes
  2501 | D:7      | Noticed a hippogriff
  2516 | D:7      | Killed a hippogriff
  2516 | D:7      | Reached skill level 5 in Armour
  2516 | D:7      | Reached skill level 5 in Dodging
  2516 | D:7      | Reached XP level 8. HP: 25/72 MP: 6/6
  2575 | D:7      | Noticed Harold
  2751 | D:5      | Entered Level 5 of the Dungeon
  2843 | D:4      | Got a pitted helmet
  2854 | D:4      | Identified the cursed +0 helmet "Enociaf" {rElec rN+} (You
                  | found it on level 4 of the Dungeon)
  2936 | D:4      | Reached skill level 8 in Axes
  3399 | D:5      | Noticed Pikel
  3418 | D:5      | Killed Pikel
  3418 | D:5      | Reached skill level 9 in Axes
  3418 | D:5      | Gained mutation: You passively map the area around you.
                  | [Deep Dwarf growth]
  3418 | D:5      | Reached XP level 9. HP: 50/80 MP: 7/7
  3988 | D:6      | Reached skill level 5 in Fighting
  4188 | D:6      | Reached skill level 10 in Axes
  4380 | D:6      | Found a glowing silver altar of Zin.
  4385 | D:6      | Found a sacrificial altar of Ru.
  4388 | D:6      | Found a shattered altar of Ashenzari.
  4788 | D:7      | Reached skill level 1 in Shields
  4956 | D:7      | Found a staircase to the Ecumenical Temple.
  4965 | Temple   | Entered the Ecumenical Temple
  4990 | Temple   | Became a worshipper of Warmaster Okawaru
  4990 | Temple   | Reached * piety under Okawaru
  4990 | Temple   | Reached ** piety under Okawaru
  5075 | D:7      | Slain by Harold

Skill      XL: |  1  2  3  4  5  6  7  8  9 |
---------------+----------------------------+-----
Fighting       | 3 4 5 |  5.4
Axes           | 4 5 7 9 10 | 10.7
Stealth        | 3 |  3.5
Armour         | 1 3 4 5 6 7 |  7.3
Dodging        | 4 5 6 |  6.4
Evocations     | 1 |  1.6
Shields        | 1 |  1.8

Action                   |  1- 3 |  4- 6 |  7- 9 || total
-------------------------+-------+-------+-------++-------
Melee: Hand axe          |   115 |       |       ||   115
       War axe           |    10 |    84 |   480 ||   574
Invok: Heroism           |       |       |     1 ||     1
 Abil: Heal Wounds       |     2 |     2 |    11 ||    15
Evoke: Wand              |       |    13 |     2 ||    15
  Use: Scroll            |     2 |       |     3 ||     5
       Potion            |       |       |     2 ||     2
 Stab: Sleeping          |     4 |       |       ||     4
  Eat: Chunk             |     1 |     3 |    10 ||    14
Armor: Robe              |    16 |       |       ||    16
       Scale mail        |     3 |   113 |    73 ||   189
       Chain mail        |       |       |   182 ||   182
Dodge: Dodged            |    89 |    85 |   290 ||   464
Block: Shield            |       |       |    77 ||    77
